[ PARTIDA AOE2 · #479073964 ]
Team RMVietnamitas vs Britons
[ ANÁLISIS DE REPETICIÓN · EXTRAÍDO DE LA PARTIDA GRABADA ]
Feudal
10:54
Castillos
18:50
Imperial
33:03
| APM promedio | 18.3 |
| APM pico | 64 |
| eAPM promedio | 13.3 |
| Aldeanos / militares | 124 / 1621 |
Foco
⚔️ 44.1% · 🌾 55.9%
Battle Elephant ×976 · Skirmisher ×459 · Archer ×186 · Trade Cart ×40
Feudal
11:42
Castillos
18:12
Imperial
32:25
| APM promedio | 21.7 |
| APM pico | 58 |
| eAPM promedio | 15.9 |
| Aldeanos / militares | 86 / 883 |
Foco
⚔️ 66.2% · 🌾 33.8%
Knight ×560 · Scout Cavalry ×242 · Missionary ×70 · Trade Cart ×44 · Bombard Cannon ×8 · Spearman ×2
Feudal
12:21
Castillos
17:43
Imperial
32:58
| APM promedio | 39.1 |
| APM pico | 81 |
| eAPM promedio | 16.2 |
| Aldeanos / militares | 146 / 1451 |
Foco
⚔️ 54.7% · 🌾 45.3%
Spearman ×1265 · Bombard Cannon ×156 · Trade Cart ×64 · Knight ×30
Feudal
12:30
Castillos
17:29
Imperial
33:15
| APM promedio | 16.5 |
| APM pico | 55 |
| eAPM promedio | 13.0 |
| Aldeanos / militares | 144 / 2014 |
Foco
⚔️ 52.9% · 🌾 47.1%
Steppe Lancer ×1055 · Scout Cavalry ×848 · Mangonel ×104 · Trade Cart ×34 · Trebuchet (Packed) ×7
Feudal
14:25
Castillos
20:35
Imperial
39:08
| APM promedio | 21.1 |
| APM pico | 62 |
| eAPM promedio | 15.5 |
| Aldeanos / militares | 87 / 1524 |
Foco
⚔️ 70.8% · 🌾 29.2%
Scout Cavalry ×937 · Shrivamsha Rider ×178 · Chakram Thrower ×166 · Elephant Archer ×121 · Armored Elephant ×83 · Trade Cart ×23
Feudal
9:43
Castillos
14:47
Imperial
30:50
| APM promedio | 29.6 |
| APM pico | 212 |
| eAPM promedio | 26.5 |
| Aldeanos / militares | 133 / 1478 |
Foco
⚔️ 66.5% · 🌾 33.5%
Longbowman ×801 · Spearman ×419 · Militia ×220 · Trade Cart ×52 · Trebuchet (Packed) ×21 · Mangonel ×9
Feudal
14:14
Castillos
19:29
Imperial
41:37
| APM promedio | 39.9 |
| APM pico | 123 |
| eAPM promedio | 29.9 |
| Aldeanos / militares | 223 / 1755 |
Foco
⚔️ 63.9% · 🌾 36.1%
Scout Cavalry ×1441 · Ballista Elephant ×304 · Trade Cart ×36 · Trebuchet (Packed) ×10
Feudal
—
Castillos
—
Imperial
—
| APM promedio | 34.8 |
| APM pico | 260 |
| eAPM promedio | 33.6 |
| Aldeanos / militares | 140 / 1245 |
Foco
⚔️ 14.4% · 🌾 85.6%
Longbowman ×791 · Scorpion ×377 · Battering Ram ×73 · Trade Cart ×59 · Trebuchet (Packed) ×3 · Monk ×1
Mapa de la partida
Recursos iniciales + cada clic de construcción. Líneas = muros · curvas = relieve. ◆ oro · ⬟ piedra · ● bayas · ✦ reliquia · ◌ hueco del cierre
Tu base· ✓ Cerrada en 18:50 · 0t muro · sin puerta
Base de 玛尔斯· ✓ Cerrada en 18:12 · 34t muro · 1 puerta(s)
Base de patrick0916· ✓ Cerrada en 17:43 · 0t muro · 1 puerta(s)
Base de FinnMaccool· ✓ Cerrada en 17:29 · 0t muro · sin puerta
Base de Cereal Killer· ✓ Cerrada en 20:35 · 0t muro · sin puerta
Base de Rookie· Abierta — flanco sin cerrar
Base de jhonzx11· ✓ Cerrada en 19:29 · 33t muro · 2 puerta(s)
Base de WatSollDennDat· ✓ Cerrada en 18:08 · 0t muro · sin puerta
Terreno inicial suavizado · ◌ = hueco del cierre detectado · pasá el cursor para detalles
Inputs por minuto
— Shaci - - 玛尔斯
Build order — Shaci
Primeras 150 de 736 acciones detectadas
| 0:03 | Crear | Villager (Male) |
| 0:04 | Crear | Villager (Male) |
| 0:04 | Crear | Villager (Male) |
| 0:04 | Crear | Villager (Male) |
| 0:05 | Construir | House |
| 0:07 | Construir | House |
| 1:33 | Crear | Villager (Male) |
| 1:33 | Crear | Villager (Male) |
| 2:11 | Crear | Villager (Male) |
| 2:38 | Crear | Villager (Male) |
| 2:57 | Crear | Villager (Male) |
| 3:13 | Crear | Villager (Male) |
| 3:31 | Construir | Mill |
| 3:35 | Crear | Villager (Male) |
| 3:50 | Construir | House |
| 4:13 | Crear | Villager (Male) |
| 4:21 | Construir | Lumber Camp |
| 4:33 | Crear | Villager (Male) |
| 4:50 | Crear | Villager (Male) |
| 5:13 | Crear | Villager (Male) |
| 5:26 | Crear | Villager (Male) |
| 5:26 | Crear | Villager (Male) |
| 5:33 | Construir | House |
| 5:59 | Crear | Villager (Male) |
| 6:10 | Crear | Villager (Male) |
| 6:10 | Crear | Villager (Male) |
| 6:58 | Construir | Mining Camp |
| 7:45 | Investigar | Loom |
| 8:44 | Investigar | Feudal Age |
| 10:54 | Edad | Edad Feudal |
| 11:29 | Investigar | Wheelbarrow |
| 11:34 | Investigar | Double-Bit Axe |
| 11:38 | Crear | Villager (Male) |
| 11:39 | Crear | Villager (Male) |
| 11:39 | Crear | Villager (Male) |
| 11:55 | Construir | House |
| 11:56 | Construir | House |
| 12:18 | Construir | House |
| 13:02 | Construir | Barracks |
| 13:11 | Construir | Blacksmith |
| 13:24 | Crear | Villager (Male) |
| 13:24 | Crear | Villager (Male) |
| 13:25 | Crear | Villager (Male) |
| 13:42 | Construir | Mill |
| 13:48 | Construir | House |
| 13:52 | Construir | House |
| 14:01 | Investigar | Horse Collar |
| 14:03 | Construir | Farm |
| 14:04 | Construir | Farm |
| 14:05 | Construir | Farm |
| 14:08 | Construir | Farm |
| 14:09 | Construir | Farm |
| 14:38 | Construir | Stable |
| 16:10 | Investigar | Castle Age |
| 16:10 | Investigar | Castle Age |
| 16:15 | Construir | Farm |
| 16:16 | Construir | Farm |
| 16:18 | Construir | Farm |
| 16:19 | Construir | Farm |
| 16:20 | Construir | Farm |
| 18:50 | Edad | Edad de los Castillos |
| 18:52 | Investigar | Hand Cart |
| 18:55 | Investigar | Bow Saw |
| 18:59 | Investigar | Heavy Plow |
| 19:15 | Crear | Villager (Male) ×2 |
| 19:31 | Construir | Farm |
| 19:33 | Construir | Farm |
| 19:34 | Construir | Farm |
| 19:36 | Construir | Farm |
| 19:37 | Construir | Farm |
| 19:39 | Construir | Farm |
| 19:41 | Construir | Farm |
| 19:43 | Construir | Farm |
| 19:55 | Construir | Town Center |
| 19:56 | Construir | Farm |
| 19:57 | Construir | Farm |
| 20:01 | Construir | Farm |
| 20:03 | Construir | Farm |
| 20:13 | Construir | Farm |
| 20:14 | Construir | Farm |
| 20:15 | Construir | Farm |
| 20:30 | Crear | Villager (Male) |
| 20:31 | Crear | Villager (Male) |
| 20:31 | Crear | Villager (Male) |
| 20:31 | Crear | Villager (Male) |
| 21:02 | Crear | Villager (Male) |
| 21:03 | Crear | Villager (Male) |
| 21:03 | Crear | Villager (Male) |
| 21:03 | Crear | Villager (Male) |
| 21:04 | Crear | Villager (Male) |
| 21:04 | Crear | Villager (Male) |
| 21:16 | Crear | Villager (Male) |
| 21:47 | Crear | Villager (Male) |
| 21:52 | Crear | Villager (Male) |
| 21:52 | Crear | Villager (Male) |
| 21:53 | Crear | Villager (Male) |
| 22:13 | Crear | Villager (Male) |
| 22:14 | Crear | Villager (Male) |
| 22:17 | Crear | Villager (Male) |
| 22:40 | Construir | Town Center |
| 23:02 | Crear | Villager (Male) |
| 23:03 | Crear | Villager (Male) |
| 23:03 | Crear | Villager (Male) |
| 23:03 | Crear | Villager (Male) |
| 23:04 | Crear | Villager (Male) |
| 23:04 | Crear | Villager (Male) |
| 23:04 | Crear | Villager (Male) |
| 23:04 | Crear | Villager (Male) |
| 23:05 | Crear | Villager (Male) |
| 23:05 | Crear | Villager (Male) |
| 23:05 | Crear | Villager (Male) |
| 23:06 | Crear | Villager (Male) |
| 23:21 | Construir | House |
| 23:22 | Construir | House |
| 23:23 | Construir | House |
| 23:24 | Construir | House |
| 23:25 | Construir | House |
| 23:26 | Construir | House |
| 23:39 | Crear | Villager (Male) |
| 23:39 | Crear | Villager (Male) |
| 23:40 | Crear | Villager (Male) |
| 23:40 | Crear | Villager (Male) |
| 23:44 | Crear | Villager (Male) |
| 23:45 | Crear | Villager (Male) |
| 23:45 | Crear | Villager (Male) |
| 23:54 | Crear | Villager (Male) |
| 23:54 | Crear | Villager (Male) |
| 24:01 | Crear | Villager (Male) |
| 24:03 | Crear | Villager (Male) |
| 24:17 | Construir | House |
| 24:18 | Construir | House |
| 24:20 | Construir | House |
| 24:21 | Construir | House |
| 24:33 | Crear | Villager (Male) ×5 |
| 25:11 | Crear | Villager (Male) |
| 25:11 | Crear | Villager (Male) |
| 25:12 | Crear | Villager (Male) |
| 25:12 | Crear | Villager (Male) |
| 25:12 | Crear | Villager (Male) |
| 25:12 | Crear | Villager (Male) |
| 25:18 | Investigar | Gold Mining |
| 25:21 | Investigar | Stone Mining |
| 26:12 | Construir | Stable |
| 26:27 | Crear | Villager (Male) |
| 26:27 | Crear | Villager (Male) |
| 26:27 | Crear | Villager (Male) |
| 26:30 | Crear | Villager (Male) |
| 26:30 | Crear | Villager (Male) |
| 26:31 | Crear | Villager (Male) |
| 26:31 | Crear | Villager (Male) |
Build order — 玛尔斯
Primeras 150 de 1215 acciones detectadas
| 0:05 | Construir | House |
| 0:06 | Construir | House |
| 0:07 | Crear | Villager (Male) |
| 0:07 | Crear | Villager (Male) |
| 0:08 | Crear | Villager (Male) |
| 0:08 | Crear | Villager (Male) |
| 1:38 | Crear | Villager (Male) |
| 2:22 | Crear | Villager (Male) |
| 2:38 | Crear | Villager (Male) |
| 2:39 | Crear | Villager (Male) |
| 3:39 | Crear | Villager (Male) |
| 3:39 | Crear | Villager (Male) |
| 3:39 | Crear | Villager (Male) |
| 3:40 | Crear | Villager (Male) |
| 3:40 | Crear | Villager (Male) |
| 3:40 | Crear | Villager (Male) |
| 4:07 | Construir | Mill |
| 4:18 | Crear | Villager (Male) |
| 4:34 | Crear | Villager (Male) |
| 4:49 | Crear | Villager (Male) |
| 5:02 | Construir | House |
| 5:27 | Construir | House |
| 5:58 | Crear | Villager (Male) |
| 5:58 | Crear | Villager (Male) |
| 5:59 | Crear | Villager (Male) |
| 6:21 | Crear | Villager (Male) |
| 6:53 | Construir | Lumber Camp |
| 7:24 | Crear | Villager (Male) |
| 7:25 | Crear | Villager (Male) |
| 7:25 | Crear | Villager (Male) |
| 8:24 | Construir | House |
| 8:41 | Construir | Mining Camp |
| 9:30 | Investigar | Feudal Age |
| 10:06 | Construir | Farm |
| 10:07 | Construir | Farm |
| 10:58 | Crear | Villager (Male) |
| 10:59 | Crear | Villager (Male) |
| 10:59 | Crear | Villager (Male) |
| 10:59 | Crear | Villager (Male) |
| 11:39 | Construir | Farm |
| 11:41 | Construir | Farm |
| 11:42 | Construir | Farm |
| 11:42 | Edad | Edad Feudal |
| 11:54 | Construir | Market |
| 12:02 | Construir | Blacksmith |
| 12:18 | Construir | Mining Camp |
| 12:38 | Investigar | Double-Bit Axe |
| 12:49 | Construir | House |
| 13:06 | Investigar | Loom |
| 13:22 | Construir | Farm |
| 13:38 | Construir | Farm |
| 14:45 | Construir | Barracks |
| 15:29 | Construir | House |
| 15:32 | Investigar | Castle Age |
| 16:06 | Construir | Stone Wall |
| 16:44 | Construir | Stone Wall |
| 16:56 | Construir | Gate |
| 17:03 | Crear | Spearman |
| 17:03 | Crear | Spearman |
| 17:09 | Construir | House |
| 17:12 | Investigar | Horse Collar |
| 18:12 | Edad | Edad de los Castillos |
| 18:16 | Construir | Town Center |
| 18:35 | Crear | Villager (Male) |
| 18:36 | Crear | Villager (Male) |
| 18:36 | Crear | Villager (Male) |
| 18:37 | Crear | Villager (Male) |
| 18:38 | Crear | Villager (Male) |
| 18:49 | Construir | Town Center |
| 19:38 | Crear | Villager (Male) |
| 19:40 | Crear | Villager (Male) |
| 19:40 | Crear | Villager (Male) |
| 19:41 | Crear | Villager (Male) |
| 19:41 | Crear | Villager (Male) |
| 19:41 | Crear | Villager (Male) |
| 19:42 | Crear | Villager (Male) |
| 19:42 | Crear | Villager (Male) |
| 19:42 | Crear | Villager (Male) |
| 19:43 | Crear | Villager (Male) |
| 20:18 | Crear | Villager (Male) |
| 20:19 | Crear | Villager (Male) |
| 20:19 | Crear | Villager (Male) |
| 21:07 | Construir | Monastery |
| 21:19 | Crear | Villager (Male) |
| 21:19 | Crear | Villager (Male) |
| 21:20 | Crear | Villager (Male) |
| 21:20 | Crear | Villager (Male) |
| 21:23 | Crear | Villager (Male) |
| 21:42 | Construir | Farm |
| 21:43 | Construir | Farm |
| 21:51 | Construir | Farm |
| 21:53 | Construir | Farm |
| 22:13 | Construir | Farm |
| 22:18 | Construir | Farm |
| 22:22 | Construir | Farm |
| 22:23 | Construir | Farm |
| 22:29 | Crear | Monk |
| 22:40 | Construir | Mining Camp |
| 22:56 | Construir | Farm |
| 23:12 | Crear | Villager (Male) |
| 23:13 | Crear | Villager (Male) |
| 23:13 | Crear | Villager (Male) |
| 23:14 | Crear | Villager (Male) |
| 23:14 | Crear | Villager (Male) |
| 23:14 | Crear | Villager (Male) |
| 23:14 | Crear | Villager (Male) |
| 23:15 | Crear | Villager (Male) |
| 23:47 | Construir | House |
| 24:02 | Construir | House |
| 24:03 | Construir | House |
| 24:14 | Construir | Lumber Camp |
| 24:17 | Crear | Villager (Male) |
| 24:20 | Crear | Villager (Male) |
| 24:21 | Crear | Villager (Male) |
| 24:21 | Crear | Villager (Male) |
| 24:21 | Crear | Villager (Male) |
| 24:22 | Crear | Villager (Male) |
| 24:22 | Crear | Villager (Male) |
| 24:22 | Crear | Villager (Male) |
| 24:58 | Construir | Stone Wall |
| 25:11 | Construir | House |
| 25:12 | Construir | House |
| 25:33 | Investigar | Wheelbarrow |
| 25:57 | Crear | Villager (Male) |
| 25:58 | Crear | Villager (Male) |
| 25:58 | Crear | Villager (Male) |
| 25:58 | Crear | Villager (Male) |
| 25:59 | Crear | Villager (Male) |
| 25:59 | Crear | Villager (Male) |
| 25:59 | Crear | Villager (Male) |
| 26:05 | Construir | House |
| 26:07 | Construir | House |
| 26:09 | Construir | House |
| 26:27 | Construir | House |
| 26:29 | Construir | House |
| 26:30 | Construir | House |
| 26:32 | Construir | House |
| 26:33 | Construir | House |
| 26:45 | Construir | Farm |
| 26:46 | Construir | Farm |
| 26:48 | Construir | Farm |
| 26:52 | Investigar | Heavy Plow |
| 26:57 | Crear | Villager (Male) |
| 26:57 | Crear | Villager (Male) |
| 26:57 | Crear | Villager (Male) |
| 27:04 | Construir | Farm |
| 27:05 | Construir | Farm |
| 27:06 | Construir | Farm |
| 27:08 | Construir | Farm |
| 27:09 | Construir | Farm |
Build order — patrick0916
Primeras 150 de 786 acciones detectadas
| 0:01 | Crear | Villager (Male) |
| 0:01 | Crear | Villager (Male) |
| 0:02 | Crear | Villager (Male) |
| 0:02 | Crear | Villager (Male) |
| 0:04 | Construir | House |
| 0:05 | Construir | House |
| 1:43 | Crear | Villager (Male) |
| 1:46 | Construir | Lumber Camp |
| 2:13 | Crear | Villager (Male) |
| 2:13 | Crear | Villager (Male) |
| 2:29 | Crear | Villager (Male) |
| 3:04 | Crear | Villager (Male) |
| 3:04 | Crear | Villager (Male) |
| 3:05 | Crear | Villager (Male) |
| 4:03 | Construir | House |
| 4:10 | Crear | Villager (Male) |
| 4:10 | Crear | Villager (Male) |
| 4:10 | Crear | Villager (Male) |
| 4:29 | Construir | House |
| 4:33 | Construir | House |
| 4:35 | Construir | House |
| 5:07 | Crear | Villager (Male) |
| 5:07 | Crear | Villager (Male) |
| 5:07 | Crear | Villager (Male) |
| 6:02 | Crear | Villager (Male) |
| 6:02 | Crear | Villager (Male) |
| 6:16 | Construir | Palisade Gate |
| 6:19 | Construir | House |
| 6:43 | Crear | Villager (Male) |
| 6:51 | Construir | Mill |
| 7:16 | Crear | Villager (Male) |
| 7:16 | Crear | Villager (Male) |
| 7:16 | Crear | Villager (Male) |
| 8:24 | Crear | Villager (Male) |
| 8:28 | Construir | House |
| 8:33 | Construir | House |
| 9:09 | Crear | Villager (Male) |
| 9:28 | Investigar | Loom |
| 10:11 | Investigar | Feudal Age |
| 11:02 | Crear | Villager (Male) |
| 11:04 | Construir | House |
| 11:05 | Construir | House |
| 11:42 | Construir | Mining Camp |
| 12:07 | Construir | Mill |
| 12:21 | Edad | Edad Feudal |
| 12:33 | Construir | Blacksmith |
| 12:45 | Crear | Villager (Male) |
| 12:46 | Crear | Villager (Male) |
| 13:09 | Construir | Market |
| 13:17 | Construir | Farm |
| 13:20 | Construir | Farm |
| 13:34 | Construir | Palisade Gate |
| 13:39 | Construir | House |
| 13:44 | Construir | Farm |
| 13:47 | Crear | Villager (Male) |
| 13:48 | Crear | Villager (Male) |
| 13:48 | Crear | Villager (Male) |
| 14:19 | Construir | Farm |
| 14:38 | Construir | Mining Camp |
| 14:42 | Construir | House |
| 14:43 | Construir | House |
| 14:48 | Construir | Farm |
| 14:59 | Investigar | Castle Age |
| 15:09 | Construir | Mining Camp |
| 16:27 | Investigar | Double-Bit Axe |
| 17:31 | Crear | Villager (Male) |
| 17:31 | Crear | Villager (Male) |
| 17:43 | Edad | Edad de los Castillos |
| 17:52 | Investigar | Bow Saw |
| 18:17 | Construir | Farm |
| 18:31 | Construir | Town Center |
| 18:45 | Crear | Villager (Male) |
| 18:45 | Crear | Villager (Male) |
| 18:46 | Crear | Villager (Male) |
| 19:06 | Construir | Town Center |
| 19:37 | Construir | Farm |
| 19:37 | Construir | Farm |
| 20:03 | Crear | Villager (Male) |
| 20:03 | Crear | Villager (Male) |
| 20:03 | Crear | Villager (Male) |
| 20:04 | Crear | Villager (Male) |
| 20:24 | Crear | Villager (Male) |
| 20:24 | Crear | Villager (Male) |
| 20:32 | Construir | Farm |
| 20:33 | Construir | Farm |
| 20:33 | Construir | Farm |
| 20:34 | Construir | Farm |
| 20:34 | Construir | Farm |
| 20:42 | Construir | Farm |
| 20:56 | Crear | Villager (Male) |
| 20:56 | Crear | Villager (Male) |
| 20:56 | Crear | Villager (Male) |
| 20:57 | Crear | Villager (Male) |
| 20:57 | Crear | Villager (Male) |
| 21:24 | Crear | Villager (Male) |
| 21:24 | Crear | Villager (Male) |
| 21:25 | Crear | Villager (Male) |
| 21:44 | Crear | Villager (Male) |
| 22:06 | Construir | Farm |
| 22:15 | Crear | Villager (Male) |
| 22:15 | Crear | Villager (Male) |
| 22:15 | Crear | Villager (Male) |
| 22:16 | Crear | Villager (Male) |
| 22:20 | Construir | House |
| 22:22 | Construir | House |
| 22:25 | Construir | House |
| 22:41 | Crear | Villager (Male) |
| 22:41 | Crear | Villager (Male) |
| 22:41 | Crear | Villager (Male) |
| 22:49 | Construir | Farm |
| 22:49 | Construir | Farm |
| 22:49 | Construir | Farm |
| 22:57 | Construir | Farm |
| 23:02 | Construir | Farm |
| 23:07 | Construir | Farm |
| 23:09 | Construir | Farm |
| 23:10 | Crear | Villager (Male) |
| 23:10 | Crear | Villager (Male) |
| 23:11 | Crear | Villager (Male) |
| 23:11 | Crear | Villager (Male) |
| 23:41 | Crear | Villager (Male) |
| 23:41 | Crear | Villager (Male) |
| 23:41 | Crear | Villager (Male) |
| 23:45 | Construir | Farm |
| 23:56 | Crear | Villager (Male) |
| 23:56 | Crear | Villager (Male) |
| 23:57 | Crear | Villager (Male) |
| 24:00 | Crear | Villager (Male) |
| 24:07 | Construir | House |
| 24:11 | Construir | Farm |
| 24:32 | Crear | Villager (Male) |
| 24:32 | Crear | Villager (Male) |
| 24:32 | Crear | Villager (Male) |
| 24:32 | Crear | Villager (Male) |
| 24:33 | Crear | Villager (Male) |
| 24:34 | Crear | Villager (Male) |
| 24:40 | Construir | House |
| 24:45 | Construir | House |
| 24:52 | Construir | Farm |
| 25:10 | Construir | Farm |
| 25:24 | Crear | Villager (Male) |
| 25:24 | Crear | Villager (Male) |
| 25:24 | Crear | Villager (Male) |
| 25:38 | Crear | Villager (Male) |
| 25:39 | Crear | Villager (Male) |
| 25:39 | Crear | Villager (Male) |
| 25:42 | Construir | Farm |
| 26:03 | Construir | Mill |
| 26:09 | Crear | Villager (Male) |
| 26:10 | Crear | Villager (Male) |
Build order — FinnMaccool
Primeras 150 de 981 acciones detectadas
| 0:02 | Investigar | Loom |
| 0:07 | Construir | House |
| 0:11 | Crear | Villager (Male) |
| 0:11 | Crear | Villager (Male) |
| 0:11 | Crear | Villager (Male) |
| 0:12 | Crear | Villager (Male) |
| 0:12 | Crear | Villager (Male) |
| 1:37 | Crear | Villager (Male) |
| 2:05 | Construir | House |
| 2:25 | Crear | Villager (Male) |
| 2:25 | Crear | Villager (Male) |
| 2:34 | Construir | Lumber Camp |
| 2:39 | Crear | Villager (Male) |
| 2:39 | Crear | Villager (Male) |
| 3:31 | Crear | Villager (Male) |
| 3:32 | Crear | Villager (Male) |
| 3:32 | Crear | Villager (Male) |
| 4:08 | Crear | Villager (Male) |
| 4:08 | Crear | Villager (Male) |
| 4:09 | Crear | Villager (Male) |
| 4:24 | Construir | House |
| 4:46 | Crear | Villager (Male) |
| 5:22 | Construir | Mill |
| 5:29 | Crear | Villager (Male) |
| 5:29 | Crear | Villager (Male) |
| 5:29 | Crear | Villager (Male) |
| 6:29 | Crear | Villager (Male) |
| 6:29 | Crear | Villager (Male) |
| 6:30 | Crear | Villager (Male) |
| 6:30 | Crear | Villager (Male) |
| 6:30 | Crear | Villager (Male) |
| 7:27 | Construir | House |
| 7:45 | Crear | Villager (Male) |
| 7:45 | Crear | Villager (Male) |
| 7:58 | Construir | Mining Camp |
| 9:34 | Crear | Villager (Male) |
| 10:20 | Investigar | Feudal Age |
| 11:12 | Construir | Barracks |
| 12:30 | Edad | Edad Feudal |
| 12:37 | Construir | Stable |
| 12:50 | Crear | Villager (Male) |
| 12:56 | Investigar | Double-Bit Axe |
| 13:25 | Construir | Blacksmith |
| 13:49 | Investigar | Horse Collar |
| 13:59 | Construir | Market |
| 14:04 | Construir | Lumber Camp |
| 14:29 | Construir | Farm |
| 14:30 | Construir | Farm |
| 14:33 | Construir | Farm |
| 14:49 | Investigar | Castle Age |
| 15:12 | Construir | Farm |
| 15:18 | Construir | Farm |
| 15:22 | Construir | Farm |
| 15:29 | Construir | Farm |
| 15:50 | Construir | Farm |
| 15:56 | Construir | House |
| 15:58 | Construir | House |
| 16:20 | Construir | Farm |
| 16:37 | Crear | Scout Cavalry |
| 16:38 | Crear | Scout Cavalry |
| 17:03 | Construir | Farm |
| 17:11 | Crear | Scout Cavalry |
| 17:29 | Edad | Edad de los Castillos |
| 17:41 | Construir | Town Center |
| 17:45 | Investigar | Loom |
| 17:51 | Investigar | Bloodlines |
| 18:10 | Crear | Villager (Male) |
| 18:31 | Crear | Villager (Male) |
| 18:32 | Crear | Villager (Male) |
| 19:01 | Crear | Villager (Male) |
| 19:16 | Crear | Villager (Male) |
| 19:17 | Crear | Villager (Male) |
| 19:17 | Crear | Villager (Male) |
| 19:30 | Construir | Farm |
| 19:55 | Crear | Villager (Male) |
| 19:56 | Crear | Villager (Male) |
| 19:56 | Crear | Villager (Male) |
| 19:56 | Crear | Villager (Male) |
| 20:21 | Crear | Villager (Male) |
| 20:21 | Crear | Villager (Male) |
| 20:22 | Crear | Villager (Male) |
| 20:33 | Construir | Town Center |
| 20:50 | Crear | Villager (Male) |
| 20:52 | Crear | Villager (Male) |
| 21:21 | Construir | House |
| 21:22 | Construir | House |
| 21:24 | Construir | House |
| 21:52 | Crear | Villager (Male) |
| 21:52 | Crear | Villager (Male) |
| 21:53 | Crear | Villager (Male) |
| 21:53 | Crear | Villager (Male) |
| 21:59 | Construir | Farm |
| 22:01 | Construir | Farm |
| 22:03 | Construir | Farm |
| 22:07 | Construir | Farm |
| 22:09 | Construir | Farm |
| 22:11 | Crear | Villager (Male) |
| 22:12 | Crear | Villager (Male) |
| 22:17 | Investigar | Wheelbarrow |
| 22:43 | Crear | Villager (Male) |
| 22:43 | Crear | Villager (Male) |
| 22:47 | Crear | Villager (Male) |
| 23:07 | Construir | House |
| 23:08 | Construir | House |
| 23:10 | Construir | House |
| 23:11 | Construir | House |
| 23:12 | Construir | House |
| 23:15 | Construir | House |
| 23:17 | Construir | House |
| 23:20 | Crear | Villager (Male) |
| 23:21 | Crear | Villager (Male) |
| 23:23 | Crear | Villager (Male) |
| 23:25 | Crear | Villager (Male) |
| 23:40 | Crear | Villager (Male) |
| 23:41 | Crear | Villager (Male) |
| 23:41 | Crear | Villager (Male) |
| 23:41 | Crear | Villager (Male) |
| 24:01 | Crear | Villager (Male) |
| 24:04 | Crear | Villager (Male) |
| 24:09 | Crear | Villager (Male) |
| 24:34 | Construir | Farm |
| 24:36 | Crear | Villager (Male) |
| 24:37 | Crear | Villager (Male) |
| 24:42 | Construir | Farm |
| 25:08 | Crear | Villager (Male) |
| 25:09 | Crear | Villager (Male) |
| 25:09 | Crear | Villager (Male) |
| 25:10 | Crear | Villager (Male) |
| 25:10 | Crear | Villager (Male) |
| 25:26 | Crear | Villager (Male) |
| 25:39 | Construir | House |
| 25:40 | Construir | House |
| 25:42 | Construir | House |
| 25:43 | Construir | House |
| 26:15 | Construir | Farm |
| 26:19 | Investigar | Heavy Plow |
| 26:22 | Crear | Villager (Male) |
| 26:26 | Construir | Town Center |
| 26:31 | Construir | Farm |
| 26:32 | Construir | Farm |
| 26:34 | Construir | Farm |
| 26:35 | Construir | Farm |
| 26:37 | Construir | Farm |
| 26:39 | Construir | Farm |
| 26:40 | Construir | Farm |
| 26:42 | Construir | Farm |
| 26:46 | Construir | Farm |
| 26:48 | Construir | Farm |
| 26:49 | Crear | Villager (Male) |
| 26:50 | Crear | Villager (Male) |
Build order — Cereal Killer
Primeras 150 de 1263 acciones detectadas
| 0:11 | Crear | Villager (Male) |
| 0:11 | Crear | Villager (Male) |
| 0:12 | Crear | Villager (Male) |
| 0:12 | Crear | Villager (Male) |
| 0:50 | Construir | House |
| 1:33 | Crear | Villager (Male) |
| 1:40 | Construir | House |
| 2:08 | Construir | House |
| 2:09 | Construir | House |
| 2:50 | Crear | Villager (Male) |
| 3:09 | Construir | House |
| 3:10 | Construir | House |
| 3:14 | Crear | Villager (Male) |
| 4:02 | Crear | Villager (Male) |
| 4:09 | Crear | Villager (Male) |
| 4:31 | Crear | Villager (Male) |
| 5:08 | Crear | Villager (Male) |
| 5:08 | Crear | Villager (Male) |
| 5:29 | Construir | Lumber Camp |
| 5:59 | Crear | Villager (Male) |
| 5:59 | Crear | Villager (Male) |
| 6:36 | Crear | Villager (Male) |
| 6:57 | Construir | Mill |
| 7:08 | Crear | Villager (Male) |
| 7:09 | Crear | Villager (Male) |
| 7:37 | Crear | Villager (Male) |
| 8:18 | Crear | Villager (Male) |
| 8:39 | Crear | Villager (Male) |
| 8:59 | Crear | Villager (Male) |
| 9:09 | Construir | Farm |
| 9:12 | Construir | Farm |
| 9:14 | Construir | Farm |
| 9:22 | Crear | Villager (Male) |
| 10:29 | Construir | Farm |
| 10:31 | Construir | Farm |
| 10:34 | Construir | Farm |
| 10:35 | Crear | Villager (Male) |
| 10:36 | Crear | Villager (Male) |
| 11:04 | Construir | Farm |
| 11:08 | Crear | Villager (Male) |
| 11:31 | Construir | Farm |
| 11:33 | Crear | Villager (Male) |
| 12:06 | Investigar | Feudal Age |
| 12:21 | Construir | Mining Camp |
| 13:15 | Crear | Villager (Male) |
| 13:16 | Crear | Villager (Male) |
| 14:25 | Edad | Edad Feudal |
| 14:37 | Construir | Mining Camp |
| 14:50 | Construir | Market |
| 14:54 | Construir | Farm |
| 14:57 | Construir | Farm |
| 15:00 | Construir | Farm |
| 15:04 | Construir | Farm |
| 15:07 | Construir | Farm |
| 15:08 | Crear | Villager (Male) |
| 15:22 | Crear | Villager (Male) |
| 15:46 | Investigar | Gold Mining |
| 15:47 | Investigar | Stone Mining |
| 15:50 | Investigar | Double-Bit Axe |
| 15:58 | Construir | House |
| 15:59 | Construir | House |
| 15:59 | Construir | House |
| 16:00 | Construir | House |
| 16:02 | Construir | House |
| 16:09 | Crear | Villager (Male) |
| 16:35 | Construir | Blacksmith |
| 16:40 | Crear | Villager (Male) |
| 16:51 | Crear | Villager (Male) |
| 17:30 | Crear | Villager (Male) |
| 17:48 | Crear | Villager (Male) |
| 17:55 | Investigar | Castle Age |
| 18:40 | Construir | House |
| 18:41 | Construir | House |
| 18:42 | Construir | House |
| 18:43 | Construir | House |
| 19:21 | Construir | Lumber Camp |
| 19:29 | Crear | Villager (Male) |
| 19:29 | Crear | Villager (Male) |
| 19:30 | Crear | Villager (Male) |
| 19:43 | Crear | Trade Cart |
| 20:35 | Edad | Edad de los Castillos |
| 20:44 | Construir | Town Center |
| 20:49 | Construir | House |
| 20:50 | Construir | House |
| 20:51 | Construir | House |
| 20:51 | Construir | House |
| 20:56 | Crear | Villager (Male) |
| 21:03 | Investigar | Gold Shaft Mining |
| 21:06 | Investigar | Bow Saw |
| 21:08 | Investigar | Horse Collar |
| 21:12 | Construir | Farm |
| 21:14 | Crear | Villager (Male) |
| 21:19 | Investigar | Caravan |
| 21:33 | Construir | Farm |
| 21:39 | Crear | Villager (Male) |
| 21:53 | Construir | Farm |
| 22:38 | Construir | Farm |
| 22:41 | Crear | Villager (Male) |
| 22:42 | Crear | Villager (Male) |
| 22:46 | Crear | Villager (Male) |
| 22:46 | Crear | Villager (Male) |
| 22:47 | Crear | Villager (Male) |
| 22:47 | Crear | Villager (Male) |
| 22:47 | Crear | Villager (Male) |
| 22:53 | Construir | House |
| 22:54 | Construir | House |
| 22:56 | Construir | House |
| 23:03 | Construir | Mill |
| 23:05 | Crear | Villager (Male) |
| 23:10 | Crear | Trade Cart |
| 23:52 | Construir | Farm |
| 23:55 | Construir | Farm |
| 23:58 | Construir | Farm |
| 24:04 | Construir | Farm |
| 24:11 | Construir | Farm |
| 24:15 | Crear | Villager (Male) |
| 24:15 | Crear | Villager (Male) |
| 24:18 | Construir | Farm |
| 24:23 | Crear | Villager (Male) |
| 24:23 | Crear | Villager (Male) |
| 24:35 | Construir | Farm |
| 24:46 | Construir | House |
| 24:47 | Construir | House |
| 24:49 | Construir | House |
| 25:00 | Construir | Farm |
| 25:03 | Crear | Villager (Male) |
| 25:07 | Crear | Villager (Male) |
| 25:08 | Crear | Villager (Male) |
| 25:29 | Construir | Farm |
| 25:38 | Crear | Villager (Male) |
| 25:51 | Crear | Villager (Male) |
| 25:59 | Crear | Trade Cart |
| 26:07 | Crear | Trade Cart |
| 26:18 | Construir | Mill |
| 26:20 | Crear | Villager (Male) |
| 26:20 | Crear | Villager (Male) |
| 26:24 | Construir | House |
| 26:25 | Construir | House |
| 26:35 | Crear | Villager (Male) |
| 26:35 | Crear | Villager (Male) |
| 26:35 | Crear | Villager (Male) |
| 26:42 | Investigar | Heavy Plow |
| 26:55 | Construir | Farm |
| 26:58 | Construir | Farm |
| 27:00 | Construir | Farm |
| 27:03 | Crear | Villager (Male) |
| 27:03 | Crear | Villager (Male) |
| 27:08 | Investigar | Forging |
| 27:09 | Investigar | Scale Barding Armor |
| 27:10 | Investigar | Fletching |
Build order — Rookie
Primeras 150 de 1916 acciones detectadas
| 0:06 | Crear | Villager (Male) |
| 0:06 | Crear | Villager (Male) |
| 0:06 | Crear | Villager (Male) |
| 0:11 | Construir | House |
| 0:14 | Construir | House |
| 0:38 | Crear | Villager (Male) |
| 0:38 | Crear | Villager (Male) |
| 1:26 | Crear | Villager (Male) |
| 1:27 | Crear | Villager (Male) |
| 2:24 | Crear | Villager (Male) |
| 2:24 | Crear | Villager (Male) |
| 2:24 | Crear | Villager (Male) |
| 3:28 | Construir | House |
| 3:32 | Crear | Villager (Male) |
| 3:32 | Crear | Villager (Male) |
| 3:33 | Crear | Villager (Male) |
| 3:33 | Crear | Villager (Male) |
| 3:46 | Crear | Villager (Male) |
| 3:46 | Crear | Villager (Male) |
| 4:03 | Construir | Lumber Camp |
| 4:23 | Crear | Villager (Male) |
| 4:23 | Crear | Villager (Male) |
| 6:27 | Construir | Mill |
| 7:33 | Investigar | Feudal Age |
| 8:29 | Construir | House |
| 8:50 | Construir | Mining Camp |
| 9:43 | Edad | Edad Feudal |
| 10:41 | Crear | Villager (Male) |
| 10:41 | Crear | Villager (Male) |
| 10:41 | Crear | Villager (Male) |
| 10:58 | Construir | Blacksmith |
| 11:07 | Construir | Market |
| 12:07 | Investigar | Castle Age |
| 14:18 | Construir | House |
| 14:21 | Crear | Villager (Male) |
| 14:21 | Crear | Villager (Male) |
| 14:47 | Edad | Edad de los Castillos |
| 14:49 | Construir | Town Center |
| 15:11 | Construir | Town Center |
| 15:26 | Crear | Villager (Male) |
| 15:37 | Investigar | Double-Bit Axe |
| 16:07 | Crear | Villager (Male) |
| 16:08 | Crear | Villager (Male) |
| 16:46 | Crear | Villager (Male) |
| 16:46 | Crear | Villager (Male) |
| 16:49 | Crear | Villager (Male) |
| 16:56 | Construir | Farm |
| 16:57 | Construir | Farm |
| 16:57 | Construir | Farm |
| 17:01 | Construir | Farm |
| 17:01 | Construir | Farm |
| 17:01 | Construir | Farm |
| 17:01 | Construir | Farm |
| 17:08 | Crear | Villager (Male) |
| 17:09 | Crear | Villager (Male) |
| 17:10 | Crear | Villager (Male) |
| 17:10 | Crear | Villager (Male) |
| 17:17 | Investigar | Horse Collar |
| 17:25 | Construir | Farm |
| 17:26 | Construir | Farm |
| 17:30 | Construir | Farm |
| 17:30 | Construir | Farm |
| 17:42 | Crear | Villager (Male) |
| 17:50 | Construir | Farm |
| 18:04 | Crear | Villager (Male) |
| 18:05 | Crear | Villager (Male) |
| 18:09 | Crear | Villager (Male) |
| 18:12 | Construir | Mining Camp |
| 18:22 | Crear | Villager (Male) |
| 19:28 | Crear | Villager (Male) |
| 19:28 | Crear | Villager (Male) |
| 19:29 | Crear | Villager (Male) |
| 19:32 | Crear | Villager (Male) |
| 19:32 | Crear | Villager (Male) |
| 19:37 | Construir | House |
| 19:44 | Construir | House |
| 19:47 | Construir | House |
| 19:48 | Construir | House |
| 20:04 | Crear | Villager (Male) |
| 20:04 | Crear | Villager (Male) |
| 20:05 | Crear | Villager (Male) |
| 20:05 | Crear | Villager (Male) |
| 20:11 | Construir | Farm |
| 20:11 | Construir | Farm |
| 20:11 | Construir | Farm |
| 20:16 | Construir | Farm |
| 20:17 | Construir | Farm |
| 20:17 | Construir | Farm |
| 20:22 | Construir | Farm |
| 20:26 | Construir | Farm |
| 20:26 | Construir | Farm |
| 20:27 | Construir | Farm |
| 20:31 | Crear | Villager (Male) |
| 20:32 | Crear | Villager (Male) |
| 20:50 | Crear | Villager (Male) |
| 20:50 | Crear | Villager (Male) |
| 20:50 | Crear | Villager (Male) |
| 20:50 | Crear | Villager (Male) |
| 21:01 | Construir | House |
| 21:04 | Construir | House |
| 21:06 | Construir | House |
| 21:21 | Construir | Market |
| 21:40 | Construir | Farm |
| 22:19 | Investigar | Wheelbarrow |
| 22:20 | Investigar | Loom |
| 22:20 | Crear | Villager (Male) |
| 22:20 | Crear | Villager (Male) |
| 22:21 | Crear | Villager (Male) |
| 22:26 | Construir | Market |
| 22:47 | Construir | Market |
| 22:49 | Crear | Villager (Male) |
| 22:50 | Crear | Villager (Male) |
| 22:51 | Investigar | Town Watch |
| 22:53 | Crear | Villager (Male) |
| 22:53 | Crear | Villager (Male) |
| 22:54 | Crear | Villager (Male) |
| 22:58 | Crear | Villager (Male) |
| 22:59 | Crear | Villager (Male) |
| 22:59 | Crear | Villager (Male) |
| 23:03 | Construir | House |
| 23:04 | Construir | House |
| 23:17 | Construir | House |
| 23:23 | Construir | House |
| 23:25 | Construir | House |
| 23:26 | Construir | House |
| 23:28 | Construir | House |
| 23:30 | Construir | House |
| 23:33 | Crear | Villager (Male) |
| 23:33 | Crear | Villager (Male) |
| 23:33 | Crear | Villager (Male) |
| 23:34 | Crear | Villager (Male) |
| 23:46 | Construir | Farm |
| 23:46 | Construir | Farm |
| 23:47 | Construir | Farm |
| 23:47 | Construir | Farm |
| 23:49 | Construir | Farm |
| 24:02 | Crear | Villager (Male) |
| 24:02 | Crear | Villager (Male) |
| 24:21 | Construir | Mining Camp |
| 24:38 | Construir | Castle |
| 24:47 | Crear | Villager (Male) |
| 24:47 | Crear | Villager (Male) |
| 24:47 | Crear | Villager (Male) |
| 25:19 | Crear | Villager (Male) |
| 25:19 | Crear | Villager (Male) |
| 25:22 | Investigar | Fletching |
| 25:56 | Investigar | Hand Cart |
| 26:17 | Construir | Mining Camp |
| 26:23 | Crear | Villager (Male) |
| 26:23 | Crear | Villager (Male) |
Build order — jhonzx11
Primeras 150 de 2407 acciones detectadas
| 0:02 | Crear | Villager (Male) |
| 0:02 | Crear | Villager (Male) |
| 0:02 | Crear | Villager (Male) |
| 0:02 | Crear | Villager (Male) |
| 0:03 | Construir | House |
| 0:05 | Construir | House |
| 1:25 | Crear | Villager (Male) |
| 1:26 | Crear | Villager (Male) |
| 1:26 | Crear | Villager (Male) |
| 1:42 | Investigar | Loom |
| 2:07 | Crear | Villager (Male) |
| 2:07 | Crear | Villager (Male) |
| 2:21 | Crear | Villager (Male) |
| 2:21 | Crear | Villager (Male) |
| 2:21 | Crear | Villager (Male) |
| 2:33 | Construir | Lumber Camp |
| 2:38 | Construir | House |
| 2:57 | Crear | Villager (Male) |
| 2:57 | Crear | Villager (Male) |
| 2:57 | Crear | Villager (Male) |
| 2:57 | Crear | Villager (Male) |
| 3:03 | Crear | Villager (Male) |
| 3:03 | Crear | Villager (Male) |
| 3:03 | Crear | Villager (Male) |
| 3:04 | Crear | Villager (Male) |
| 3:35 | Crear | Villager (Male) |
| 3:36 | Crear | Villager (Male) |
| 3:50 | Crear | Villager (Male) |
| 3:50 | Crear | Villager (Male) |
| 3:50 | Crear | Villager (Male) |
| 4:21 | Crear | Villager (Male) |
| 4:21 | Crear | Villager (Male) |
| 4:21 | Crear | Villager (Male) |
| 4:52 | Construir | House |
| 5:05 | Crear | Villager (Male) |
| 5:08 | Crear | Villager (Male) |
| 5:08 | Crear | Villager (Male) |
| 5:08 | Crear | Villager (Male) |
| 6:15 | Crear | Villager (Male) |
| 6:15 | Crear | Villager (Male) |
| 6:15 | Crear | Villager (Male) |
| 6:15 | Crear | Villager (Male) |
| 6:39 | Crear | Villager (Male) |
| 6:39 | Crear | Villager (Male) |
| 6:55 | Crear | Villager (Male) |
| 6:56 | Crear | Villager (Male) |
| 6:56 | Crear | Villager (Male) |
| 6:56 | Crear | Villager (Male) |
| 7:00 | Construir | Mill |
| 7:56 | Construir | Palisade Gate |
| 8:11 | Construir | Palisade Wall |
| 8:22 | Construir | Palisade Wall |
| 8:54 | Construir | Farm |
| 8:54 | Construir | Farm |
| 8:55 | Construir | Farm |
| 8:55 | Construir | Farm |
| 8:56 | Construir | Farm |
| 8:56 | Construir | Farm |
| 8:56 | Construir | Farm |
| 8:57 | Construir | Farm |
| 10:34 | Crear | Villager (Male) |
| 10:34 | Crear | Villager (Male) |
| 10:34 | Crear | Villager (Male) |
| 10:44 | Crear | Villager (Male) |
| 10:44 | Crear | Villager (Male) |
| 10:44 | Crear | Villager (Male) |
| 10:44 | Crear | Villager (Male) |
| 10:44 | Crear | Villager (Male) |
| 11:03 | Construir | Farm |
| 11:03 | Construir | Farm |
| 11:04 | Construir | Farm |
| 11:06 | Construir | Farm |
| 11:23 | Crear | Villager (Male) |
| 11:23 | Crear | Villager (Male) |
| 11:23 | Crear | Villager (Male) |
| 12:01 | Investigar | Feudal Age |
| 13:09 | Crear | Villager (Male) |
| 13:09 | Crear | Villager (Male) |
| 13:09 | Crear | Villager (Male) |
| 13:09 | Crear | Villager (Male) |
| 14:02 | Crear | Villager (Male) |
| 14:02 | Crear | Villager (Male) |
| 14:02 | Crear | Villager (Male) |
| 14:14 | Edad | Edad Feudal |
| 14:32 | Construir | Gate |
| 14:39 | Construir | Stone Wall |
| 14:43 | Construir | Stone Wall |
| 15:03 | Construir | Market |
| 15:08 | Crear | Villager (Male) |
| 15:08 | Crear | Villager (Male) |
| 15:09 | Crear | Villager (Male) |
| 15:37 | Construir | House |
| 15:55 | Construir | House |
| 15:56 | Construir | House |
| 16:12 | Construir | Stone Wall |
| 16:36 | Investigar | Castle Age |
| 16:49 | Construir | Mining Camp |
| 18:01 | Crear | Villager (Male) |
| 18:02 | Crear | Villager (Male) |
| 18:02 | Crear | Villager (Male) |
| 18:40 | Crear | Villager (Male) |
| 18:41 | Crear | Villager (Male) |
| 19:29 | Edad | Edad de los Castillos |
| 19:34 | Construir | Watch Tower |
| 20:46 | Construir | Watch Tower |
| 21:06 | Construir | Mining Camp |
| 21:07 | Crear | Villager (Male) |
| 21:07 | Crear | Villager (Male) |
| 21:58 | Crear | Villager (Male) |
| 21:58 | Crear | Villager (Male) |
| 21:58 | Crear | Villager (Male) |
| 21:59 | Crear | Villager (Male) |
| 22:10 | Construir | Town Center |
| 22:20 | Construir | Farm |
| 22:26 | Construir | Farm |
| 22:27 | Construir | Farm |
| 22:28 | Construir | Farm |
| 22:29 | Construir | Farm |
| 22:30 | Construir | Farm |
| 22:31 | Construir | Farm |
| 22:32 | Construir | Farm |
| 23:11 | Construir | Town Center |
| 23:15 | Crear | Villager (Male) |
| 23:16 | Crear | Villager (Male) |
| 23:16 | Crear | Villager (Male) |
| 23:16 | Crear | Villager (Male) |
| 23:16 | Crear | Villager (Male) |
| 23:34 | Crear | Villager (Male) |
| 23:34 | Crear | Villager (Male) |
| 23:34 | Crear | Villager (Male) |
| 24:04 | Investigar | Wheelbarrow |
| 24:09 | Investigar | Horse Collar |
| 24:41 | Crear | Villager (Male) |
| 24:41 | Crear | Villager (Male) |
| 24:41 | Crear | Villager (Male) |
| 24:42 | Crear | Villager (Male) |
| 24:44 | Crear | Villager (Male) |
| 24:45 | Crear | Villager (Male) |
| 24:45 | Crear | Villager (Male) |
| 25:01 | Construir | Town Center |
| 25:06 | Crear | Villager (Male) |
| 25:06 | Crear | Villager (Male) |
| 25:44 | Crear | Villager (Male) |
| 25:58 | Investigar | Double-Bit Axe |
| 26:00 | Construir | House |
| 26:06 | Construir | House |
| 26:13 | Construir | House |
| 26:13 | Construir | House |
| 26:13 | Construir | House |
| 26:14 | Construir | House |
Build order — WatSollDennDat
Primeras 150 de 838 acciones detectadas
| 0:04 | Crear | Villager (Male) |
| 0:04 | Crear | Villager (Male) |
| 0:04 | Crear | Villager (Male) |
| 0:04 | Crear | Villager (Male) |
| 0:05 | Crear | Villager (Male) |
| 0:08 | Construir | House |
| 0:13 | Construir | House |
| 1:50 | Crear | Villager (Male) |
| 1:51 | Crear | Villager (Male) |
| 2:05 | Crear | Villager (Male) |
| 2:05 | Crear | Villager (Male) |
| 2:21 | Crear | Villager (Male) |
| 2:21 | Crear | Villager (Male) |
| 3:01 | Construir | Mill |
| 3:06 | Crear | Villager (Male) |
| 3:07 | Crear | Villager (Male) |
| 3:07 | Crear | Villager (Male) |
| 3:15 | Construir | House |
| 3:39 | Crear | Villager (Male) |
| 3:39 | Crear | Villager (Male) |
| 4:14 | Crear | Villager (Male) |
| 4:14 | Crear | Villager (Male) |
| 4:50 | Crear | Villager (Male) |
| 4:50 | Crear | Villager (Male) |
| 4:50 | Crear | Villager (Male) |
| 4:50 | Crear | Villager (Male) |
| 5:38 | Construir | Lumber Camp |
| 5:42 | Crear | Villager (Male) |
| 5:42 | Crear | Villager (Male) |
| 5:50 | Crear | Villager (Male) |
| 5:50 | Crear | Villager (Male) |
| 5:50 | Crear | Villager (Male) |
| 5:57 | Construir | House |
| 6:48 | Construir | House |
| 6:49 | Crear | Villager (Male) |
| 6:49 | Crear | Villager (Male) |
| 8:31 | Crear | Villager (Male) |
| 8:32 | Crear | Villager (Male) |
| 8:51 | Crear | Villager (Male) |
| 8:51 | Crear | Villager (Male) |
| 8:51 | Crear | Villager (Male) |
| 8:52 | Crear | Villager (Male) |
| 8:52 | Crear | Villager (Male) |
| 9:04 | Crear | Villager (Male) |
| 9:04 | Crear | Villager (Male) |
| 9:05 | Crear | Villager (Male) |
| 9:22 | Crear | Villager (Male) |
| 9:22 | Crear | Villager (Male) |
| 10:29 | Construir | House |
| 10:42 | Crear | Villager (Male) |
| 11:13 | Crear | Villager (Male) |
| 11:14 | Crear | Villager (Male) |
| 11:21 | Crear | Villager (Male) |
| 11:52 | Investigar | Feudal Age |
| 12:02 | Construir | Farm |
| 12:02 | Construir | Farm |
| 12:03 | Construir | Farm |
| 12:03 | Construir | Farm |
| 12:04 | Construir | Farm |
| 12:04 | Construir | Farm |
| 12:05 | Construir | Farm |
| 12:05 | Construir | Farm |
| 12:06 | Construir | Farm |
| 12:24 | Construir | Lumber Camp |
| 12:49 | Crear | Villager (Male) |
| 12:50 | Crear | Villager (Male) |
| 12:55 | Construir | House |
| 12:57 | Construir | House |
| 12:58 | Construir | House |
| 14:08 | Construir | Barracks |
| 14:28 | Investigar | Double-Bit Axe |
| 14:33 | Investigar | Horse Collar |
| 14:39 | Crear | Villager (Male) |
| 14:48 | Construir | Mining Camp |
| 14:50 | Crear | Villager (Male) |
| 15:06 | Construir | Farm |
| 15:15 | Construir | Farm |
| 15:15 | Construir | Farm |
| 15:16 | Construir | Farm |
| 15:23 | Construir | Lumber Camp |
| 15:32 | Construir | Blacksmith |
| 15:37 | Construir | Archery Range |
| 15:52 | Crear | Villager (Male) |
| 16:13 | Construir | Farm |
| 16:14 | Construir | Farm |
| 16:15 | Construir | Farm |
| 16:25 | Crear | Villager (Male) |
| 16:26 | Crear | Villager (Male) |
| 16:26 | Crear | Villager (Male) |
| 16:26 | Crear | Villager (Male) |
| 16:38 | Construir | Farm |
| 16:39 | Construir | Farm |
| 16:53 | Crear | Villager (Male) |
| 17:22 | Crear | Villager (Male) |
| 17:22 | Crear | Villager (Male) |
| 17:30 | Construir | Farm |
| 17:31 | Construir | Farm |
| 17:31 | Construir | Farm |
| 18:08 | Investigar | Castle Age |
| 18:29 | Construir | Archery Range |
| 20:38 | Construir | Market |
| 20:58 | Construir | Town Center |
| 21:04 | Construir | Town Center |
| 21:12 | Investigar | Gold Mining |
| 21:18 | Construir | Mining Camp |
| 21:23 | Construir | Lumber Camp |
| 21:35 | Construir | Mining Camp |
| 21:37 | Crear | Villager (Male) |
| 21:47 | Crear | Villager (Male) |
| 21:49 | Investigar | Wheelbarrow |
| 21:53 | Investigar | Loom |
| 22:44 | Crear | Villager (Male) |
| 22:44 | Crear | Villager (Male) |
| 22:44 | Crear | Villager (Male) |
| 22:47 | Crear | Villager (Male) |
| 22:47 | Crear | Villager (Male) |
| 22:47 | Crear | Villager (Male) |
| 22:55 | Construir | Mining Camp |
| 23:01 | Construir | Mining Camp |
| 23:03 | Crear | Villager (Male) |
| 23:03 | Crear | Villager (Male) |
| 23:03 | Crear | Villager (Male) |
| 23:05 | Crear | Villager (Male) |
| 23:05 | Crear | Villager (Male) |
| 23:05 | Crear | Villager (Male) |
| 23:06 | Crear | Villager (Male) |
| 23:06 | Crear | Villager (Male) |
| 23:06 | Crear | Villager (Male) |
| 23:34 | Construir | Lumber Camp |
| 23:38 | Crear | Villager (Male) |
| 23:38 | Crear | Villager (Male) |
| 23:38 | Crear | Villager (Male) |
| 23:44 | Investigar | Heavy Plow |
| 23:48 | Investigar | Bow Saw |
| 23:51 | Investigar | Stone Mining |
| 23:59 | Investigar | Gold Shaft Mining |
| 24:04 | Construir | House |
| 24:07 | Construir | House |
| 24:10 | Construir | House |
| 24:10 | Construir | House |
| 24:11 | Construir | House |
| 24:13 | Construir | House |
| 24:14 | Construir | House |
| 24:20 | Crear | Villager (Male) |
| 24:20 | Crear | Villager (Male) |
| 24:20 | Crear | Villager (Male) |
| 24:49 | Construir | Farm |
| 24:49 | Construir | Farm |
| 24:50 | Construir | Farm |
| 24:50 | Construir | Farm |
Cronología de la partida
| 8:11 | jhonzx11 · wall_segment Palisade Wall x9 |
| 8:22 | jhonzx11 · wall_segment Palisade Wall x7 |
| 9:43 | Rookie · age_up feudal |
| 10:54 | Shaci · age_up feudal |
| 11:12 | FinnMaccool · first_building Barracks |
| 11:42 | 玛尔斯 · age_up feudal |
| 12:21 | patrick0916 · age_up feudal |
| 12:30 | FinnMaccool · age_up feudal |
| 12:37 | FinnMaccool · first_building Stable |
| 13:02 | Shaci · first_building Barracks |
| 14:08 | WatSollDennDat · first_building Barracks |
| 14:14 | jhonzx11 · age_up feudal |
| 14:25 | Cereal Killer · age_up feudal |
| 14:38 | Shaci · first_building Stable |
| 14:39 | jhonzx11 · wall_segment Stone Wall x7 |
| 14:43 | jhonzx11 · wall_segment Stone Wall x9 |
| 14:45 | 玛尔斯 · first_building Barracks |
| 14:47 | Rookie · age_up castle |
| 15:37 | WatSollDennDat · first_building Archery Range |
| 16:06 | 玛尔斯 · wall_segment Stone Wall x17 |
| 16:12 | jhonzx11 · wall_segment Stone Wall x1 |
| 16:19 | jhonzx11 · first_market_sell 100 food |
| 16:44 | 玛尔斯 · wall_segment Stone Wall x17 |
| 17:29 | FinnMaccool · age_up castle |
| 17:43 | patrick0916 · age_up castle |
| 18:12 | 玛尔斯 · age_up castle |
| 18:50 | Shaci · age_up castle |
| 19:24 | jhonzx11 · first_market_buy 100 stone |
| 19:29 | jhonzx11 · age_up castle |
| 20:35 | Cereal Killer · age_up castle |
| 21:07 | 玛尔斯 · first_building Monastery |
| 24:38 | Rookie · first_building Castle |
| 24:58 | 玛尔斯 · wall_segment Stone Wall x3 |
| 26:26 | WatSollDennDat · first_building Monastery |
| 26:48 | jhonzx11 · first_building Castle |
| 26:52 | patrick0916 · first_building Castle |
| 27:46 | Cereal Killer · first_building Castle |
| 28:42 | 玛尔斯 · first_building Castle |
| 29:03 | FinnMaccool · first_building Monastery |
| 29:13 | Shaci · first_building Monastery |
| 29:14 | WatSollDennDat · first_building Castle |
| 30:49 | patrick0916 · first_building Barracks |
| 30:50 | Rookie · age_up imperial |
| 31:32 | WatSollDennDat · first_market_buy 100 stone |
| 31:56 | 玛尔斯 · first_building Stable |
| 32:02 | Cereal Killer · first_building Barracks |
| 32:25 | 玛尔斯 · age_up imperial |
| 32:39 | patrick0916 · first_building Siege Workshop |
| 32:58 | patrick0916 · age_up imperial |
| 33:03 | Shaci · age_up imperial |
| 33:12 | Cereal Killer · first_building Stable |
| 33:15 | FinnMaccool · age_up imperial |
| 33:18 | Cereal Killer · first_building Archery Range |
| 34:30 | FinnMaccool · first_building Castle |
| 34:41 | FinnMaccool · first_building Archery Range |
| 35:47 | Cereal Killer · first_market_sell 100 food |
| 35:48 | FinnMaccool · first_market_sell 100 wood |
| 35:51 | jhonzx11 · wall_segment Stone Wall x8 |
| 35:56 | jhonzx11 · wall_segment Stone Wall x10 |
| 36:50 | jhonzx11 · first_building Stable |
| 36:52 | Shaci · first_building Castle |
| 36:59 | Cereal Killer · first_building Siege Workshop |
| 37:47 | WatSollDennDat · first_building Siege Workshop |
| 38:09 | Shaci · first_market_sell 100 wood |
| 39:08 | Cereal Killer · age_up imperial |
| 40:48 | Rookie · first_building Barracks |
| 41:19 | Cereal Killer · first_building Monastery |
| 41:37 | jhonzx11 · age_up imperial |
| 42:11 | Shaci · first_building Archery Range |
| 44:31 | WatSollDennDat · first_market_sell 500 food |
| 45:06 | FinnMaccool · first_market_buy 500 food |
| 46:45 | FinnMaccool · first_building Siege Workshop |
| 53:46 | FinnMaccool · tribute_sent a jugador 1 |
| 53:46 | FinnMaccool · tribute_sent a jugador 2 |
| 53:46 | FinnMaccool · tribute_sent a jugador 4 |
| 53:46 | FinnMaccool · tribute_sent a jugador 5 |
| 53:46 | FinnMaccool · tribute_sent a jugador 6 |
| 53:46 | FinnMaccool · tribute_sent a jugador 7 |
| 53:46 | FinnMaccool · tribute_sent a jugador 8 |
| 53:52 | 玛尔斯 · tribute_sent a jugador 2 |
| 53:52 | 玛尔斯 · tribute_sent a jugador 3 |
| 53:52 | 玛尔斯 · tribute_sent a jugador 4 |
| 53:52 | 玛尔斯 · tribute_sent a jugador 5 |
| 53:52 | 玛尔斯 · tribute_sent a jugador 6 |
| 53:52 | 玛尔斯 · tribute_sent a jugador 7 |
| 53:52 | 玛尔斯 · tribute_sent a jugador 8 |
| 53:55 | Shaci · tribute_sent a jugador 1 |
| 53:55 | Shaci · tribute_sent a jugador 2 |
| 53:55 | Shaci · tribute_sent a jugador 3 |
| 53:55 | Shaci · tribute_sent a jugador 4 |
| 53:55 | Shaci · tribute_sent a jugador 5 |
| 53:55 | Shaci · tribute_sent a jugador 6 |
| 53:55 | Shaci · tribute_sent a jugador 8 |
| 55:40 | Rookie · wall_segment Stone Wall x38 |
| 60:07 | Rookie · first_market_buy 100 stone |
| 65:01 | Shaci · tribute_sent a jugador 1 |
| 65:01 | Shaci · tribute_sent a jugador 2 |
| 65:01 | Shaci · tribute_sent a jugador 3 |
| 65:01 | Shaci · tribute_sent a jugador 4 |
| 65:01 | Shaci · tribute_sent a jugador 5 |
| 65:01 | Shaci · tribute_sent a jugador 6 |
| 65:01 | Shaci · tribute_sent a jugador 8 |
| 66:33 | Rookie · first_market_sell 100 wood |
| 69:54 | 玛尔斯 · first_building Siege Workshop |
| 72:41 | Rookie · first_building Siege Workshop |
| 83:07 | Rookie · wall_segment Stone Wall x12 |
| 84:34 | 玛尔斯 · first_market_sell 100 wood |
| 99:23 | 玛尔斯 · tribute_sent a jugador 2 |
| 99:23 | 玛尔斯 · tribute_sent a jugador 3 |
| 99:23 | 玛尔斯 · tribute_sent a jugador 4 |
| 99:23 | 玛尔斯 · tribute_sent a jugador 5 |
| 99:23 | 玛尔斯 · tribute_sent a jugador 6 |
| 99:23 | 玛尔斯 · tribute_sent a jugador 7 |
| 99:23 | 玛尔斯 · tribute_sent a jugador 8 |
| 103:05 | Shaci · resign |
| 108:14 | patrick0916 · first_building Stable |
[ ANÁLISIS IA · 1 CRÉDITO ]
¿Qué pasó realmente en esta partida?
Wolo.gg analiza cada decisión: build order, eco, micro, errores típicos por bracket. Análisis personalizado por WhatsApp o Discord en 30 segundos.
Guía civ
Vietnamitas
Guía mapa
Amazon Tunnel
Perfil
Jugador #4635702